 Dungeon Crawl Stone Soup version 0.20.0-10-g0535bb4 (webtiles) character file.

64 Gorglomux the Charmwright (level 3, 0/42 HPs)
             Began as a Vampire Skald on June 5, 2017.
             Was an Initiate of Okawaru.
             Succumbed to a kobold's poison
             ... on level 2 of the Dungeon.
             The game lasted 00:03:18 (1778 turns).

Gorglomux the Charmwright (Vampire Skald)           Turns: 1778, Time: 00:03:19

Health: 0/42       AC:  3    Str: 16    XL:     3   Next: 91%
Magic:  6/6        EV:  9    Int: 15    God:    Okawaru [......]
Gold:   106        SH:  9    Dex: 13    Spells: 5/6 levels left

rFire    + . .     SeeInvis +   a - +0 falchion
rCold    + . .     Gourm    .   l - +2 shield
rNeg     + . .     Faith    .   b - +0 leather armour
rPois    +         Spirit   .   (no helmet)
rElec    +         Reflect  .   (no cloak)
rCorr    +         Harm     .   (no gloves)
MR       .....                  (no boots)
Stlth    ..........             (no amulet)
Regen    0.2/turn               (no ring)
MPRegen  0.1/turn               (no ring)

@: berserking, lethally poisoned (0 -> -22), resistant, very quick
A: fangs 3, see invisible, unbreathing
a: Bat Form, Renounce Religion


You were on level 2 of the Dungeon.
You worshipped Okawaru.
Okawaru was noncommittal.
You were not thirsty.

You visited 1 branch of the dungeon, and saw 2 of its levels.

You collected 106 gold pieces.

Inventory:

Hand Weapons
 a - a +0 falchion (weapon)
Armour
 b - a +0 leather armour (worn)
 l - a +2 shield (worn)
 n - a +0 chain mail
Scrolls
 f - a scroll of magic mapping {unknown}
 g - a scroll of remove curse {unknown}
 i - a scroll of immolation {unknown}
 j - a scroll of identify {unknown}
Potions
 d - 10 potions of blood
 h - a potion of flight {unknown}
 k - a potion of resistance
 m - a potion of might {unknown}
Books
 c - a book of Battle

   Spells                             Type                      Level
   a - Infusion                       Charms                       1
   b - Shroud of Golubria             Charms/Translocation         2
   c - Song of Slaying                Charms                       2
   d - Spectral Weapon                Hexes/Charms                 3
   e - Regeneration                   Charms/Necromancy            3


   Skills:
 + Level 2.9 Fighting
 + Level 3.1 Long Blades
 - Level 0.7 Armour
 - Level 2.1 Dodging
 + Level 1.0 Shields
 - Level 2.0 Spellcasting
 - Level 3.2 Charms


You had 5 spell levels left.
You knew the following spells:

 Your Spells              Type           Power        Failure   Level  Hunger
a - Infusion              Chrm           ##..         41%         1    #......


Dungeon Overview and Level Annotations

Branches:
Dungeon (2/15)

Altars:
Okawaru


Innate Abilities, Weirdness & Mutations

You have razor-sharp teeth.
You have supernaturally acute eyesight. (SInv)
You can survive without breathing.


Message History

You block the kobold's attack.
It was a potion of resistance.
You feel protected.
* * * LOW HITPOINT WARNING * * *
You feel sick. You block the kobold's attack.
It was a potion of berserk rage.
A red film seems to cover your vision as you go berserk!
You feel yourself moving faster!
You feel mighty!
* * * LOW HITPOINT WARNING * * *
You feel sick.
The kobold hits you with a short sword of venom.
* * * LOW HITPOINT WARNING * * *
You are more poisoned.
You slash the kobold!
You kill the kobold!
Okawaru accepts your kill.
Your Shields skill increases to level 1!
* * * LOW HITPOINT WARNING * * *
You feel sick.
You die...

#########
#...<).#.###.....##... #....#
###.##.#.########....# #....#
##.................<..
#....#####..#.....###....######
#.......(......#### ##.....#
#....########..########.##.####
#....# #..................
#....# ##.######...####...
###### #@# #.### ###. #.# #.#
## #...).# #.# #...#.######.#
#............# ....
...........#
.....)........##...# ####
.......... ..... ##.......##
####


There were no monsters in sight!

Vanquished Creatures
  An adder (D:2)
  An ooze (D:1)
  2 worms (D:2)
  2 dart slugs (D:1)
  A leopard gecko (D:1)
  2 giant cockroaches
  4 hobgoblins
  2 jackals (D:2)
  2 quokkas (D:2)
  5 bats (D:1)
  5 frilled lizards
  4 goblins
  6 kobolds
  3 rats (D:1)
40 creatures vanquished.

Notes
Turn   | Place    | Note
-------+----------+-------------------------------------------
     0 | D:1      | Gorglomux the Vampire Skald began the quest for the Orb.
     0 | D:1      | Reached XP level 1. HP: 16/16 MP: 3/3
   214 | D:1      | Reached XP level 2. HP: 18/22 MP: 5/5
   574 | D:1      | Reached XP level 3. HP: 28/28 MP: 6/6
  1171 | D:2      | Found an iron altar of Okawaru.
  1196 | D:2      | Became a worshipper of Warmaster Okawaru
  1464 | D:2      | Reached skill level 3 in Long Blades
  1777 | D:2      | Reached skill level 1 in Shields
  1777 | D:2      | HP: 1/42 [poisoned by a kobold]
  1778 | D:2      | Succumbed to a kobold's poison

Skill      XL: |  1  2  3 |
---------------+----------+-----
Fighting       | 2 |  2.9
Long Blades    | 3 |  3.1
Shields        | 1 |  1.0
Armour         | |  0.7
Dodging        | |  2.1
Spellcasting   | |  2.0
Charms         | |  3.2

Action                   || total
-------------------------++-------
Melee: Falchion          ||   138
       Bite              ||    13
 Cast: Infusion          ||     5
  Use: Potion            ||     7
Armor: Leather armour    ||    36
       Chain mail        ||    14
Dodge: Dodged            ||    79
Block: Shield            ||    37
       Rpst.: Falchion   ||    27
